 Dungeon Crawl Stone Soup version 0.28-a0-32-g8dfe7f97f6 (webtiles) character file.

Game seed: 14496663869457626772

1525 senseless the Cleaver (level 8, -4/70 HPs)
             Began as a Minotaur Berserker on July 27, 2021.
             Was a Priest of Trog.
             Slain by a cyan ugly thing (14 damage)
             ... on level 7 of the Dungeon.
             The game lasted 00:15:54 (6514 turns).

senseless the Cleaver (Minotaur Berserker)          Turns: 6514, Time: 00:15:55

Health: -4/70      AC: 12    Str: 26    XL:     8   Next: 54%
Magic:  7/7        EV: 13    Int: 10    God:    Trog [***...]
Gold:   271        SH:  0    Dex: 11    Spells: 7/7 levels left

rFire   . . .      SeeInvis .   a - +3 spear (venom)
rCold   . . .      Faith    .   (no shield)
rNeg    . . .      Spirit   .   k - +3 leather armour
rPois   .          Reflect  .   (helmet restricted)
rElec   .          Harm     .   r - +1 cloak
rCorr   .          Rampage  .   d - +1 pair of gloves {Str+3}
Will    .....                   y - +0 pair of boots
Stlth   +.........              (no amulet)
HPRegen 0.21/turn               p - +6 ring of intelligence
MPRegen 0.10/turn               (no ring)

@: no status effects
A: horns 2, retaliatory headbutt
a: Renounce Religion, Berserk, Trog's Hand


You were on level 7 of the Dungeon.
You worshipped Trog.
Trog was most pleased with you.
You visited 1 branch of the dungeon, and saw 7 of its levels.

You collected 271 gold pieces.

Inventory:

Hand Weapons
 a - a +3 spear of venom (weapon)
 b - a +2 vorpal spear
 f - a +0 hand axe
 z - a +2 vampiric whip
 C - a +0 battleaxe
Missiles
 h - 4 atropa-tipped darts (quivered)
 t - 14 boomerangs
Armour
 d - a +1 pair of gloves of strength (worn)
 i - a +0 chain mail
 k - a +3 leather armour (worn)
 r - a +1 cloak (worn)
 x - a +0 plate armour
 y - a +0 pair of boots (worn)
 B - a scarf of invisibility
Jewellery
 o - a ring of wizardry
 p - a +6 ring of intelligence (left hand)
Wands
 l - a wand of acid (9)
 q - a wand of digging (2)
Scrolls
 v - 4 scrolls of fear
 A - a scroll of fog
Potions
 c - 3 potions of cancellation
 e - a potion of brilliance {unknown}
 g - a potion of degeneration {unknown}
 j - a potion of curing {unknown}
 m - a potion of invisibility {unknown}
 n - 2 potions of haste
 s - 2 potions of flight {unknown}
 u - a potion of attraction {unknown}
 w - a potion of heal wounds {unknown}


   Skills:
 + Level 6.2 Fighting
 + Level 8.1(8.7) Axes
 + Level 4.7(7.1) Polearms
 - Level 0.1 Throwing
 + Level 5.7 Armour
 + Level 5.3 Dodging
 - Level 1.0 Stealth


You had 7 spell levels left.
You didn't know any spells.
Your spell library contained the following spells:

 Spells                   Type           Power      Damage    Failure   Level
 Corona                   Hex            0%         N/A       38%         1
 Ensorcelled Hibernation  Hex/Ice        0%         N/A       54%         2
 Slow                     Hex            0%         N/A       54%         2
 Confusing Touch          Hex            0%         N/A       77%         3
 Stone Arrow              Conj/Erth      0%         3d7       77%         3
 Tukima's Dance           Hex            0%         N/A       77%         3
 Bolt of Magma            Conj/Fire/Erth 0%         4d4       100%        5
 Yara's Violent Unravell  Hex/Tmut       0%         3d3       100%        5
 Conjure Ball Lightning   Conj/Air       0%         3x3d6     100%        6
 Discord                  Hex            0%         N/A       100%        8
 Disjunction              Tloc           0%         N/A       100%        8
 Shatter                  Erth           0%         3d5*      100%        9


Dungeon Overview and Level Annotations

Branches:
Dungeon (7/15)             Temple (0/1) D:6

Altars:
Ashenzari
Cheibriados
Elyvilon
Gozag
Kikubaaqudgha
Nemelex Xobeh
Trog
Vehumet

Shops:
D:1 ?

Annotations:
D:7 exclusion: statue


Innate Abilities, Weirdness & Mutations

You have a pair of horns on your head.
You reflexively headbutt those who attack you in melee.


Message History

The centaur hits you but does no damage.
The centaur kicks you but does no damage.
You puncture the centaur!
You kill the centaur!
Trog accepts your kill.
A cyan ugly thing comes into view.
The cyan ugly thing gurgles horribly!
Found a trident.
Things that are here:
a +0 shortbow; 25 arrows; a centaur corpse The cyan ugly thing trunk-slaps you!
The cyan ugly thing shocks you!
You hit the cyan ugly thing.
The cyan ugly thing is poisoned.
You headbutt the cyan ugly thing!
The cyan ugly thing is lightly wounded.
You barely miss the cyan ugly thing.
Your headbutt misses the cyan ugly thing.
The cyan ugly thing is lightly wounded.
The cyan ugly thing barely misses you. You furiously retaliate!
You headbutt the cyan ugly thing!
You hit the cyan ugly thing but do no damage.
The cyan ugly thing looks as sick as possible!
Your headbutt misses the cyan ugly thing.
The cyan ugly thing is moderately wounded.
The cyan ugly thing barely misses you. You furiously retaliate!
You headbutt the cyan ugly thing! You barely miss the cyan ugly thing.
The cyan ugly thing is heavily wounded.
The cyan ugly thing trunk-slaps you! The cyan ugly thing shocks you!
* * * LOW HITPOINT WARNING * * *
You are too injured to fight recklessly!
You are too injured to fight recklessly!
Things that are here:
a +0 shortbow; 25 arrows; a centaur corpse The cyan ugly thing misses you.
You furiously retaliate!
You headbutt the cyan ugly thing.
There is an escape hatch in the ceiling here.
The cyan ugly thing trunk-slaps you.
* * * LOW HITPOINT WARNING * * *
The cyan ugly thing shocks you!
You die...

**** ##...#....##......##### *
#####...#..#...##.......(.#####
#.........##.#..##.....##......
#####.##........#...........##.
###.#..##.......###...##..#,.
##.....####....(...........#,.
##..#..## #....#........#..#,.
#..##.## #..u.########....#,_
##<###.# #..@.<.## ###..#.#,.
##..##..# ###.##..###....#.#,8
...###.## ***#.#.......##.#.#,,
...###[#####*(.....#..........#**
...........#,......##########...,
..##...............* ####.
..##...####.#......* *, ########
*,.......# ** **#..>...* *


You could see a cyan ugly thing (poisoned).

Vanquished Creatures
  A sky beast (D:5)
  A black bear (D:6)
  An orc warrior (D:7)
  4 ogres
  A necrophage (D:6)
  3 centaurs
  A scorpion (D:5)
  A bullfrog (D:5)
  A bullfrog zombie (D:5)
  An orc priest (D:7)
  A hound (D:4)
  A jelly (D:5)
  A bullfrog skeleton (D:6)
  2 centaur skeletons
  An orc wizard (D:5)
  2 hound zombies (D:5)
  2 howler monkey skeletons
  7 gnolls
  3 adders
  2 ufetubi
  A worm (D:4)
  3 dart slugs
  12 orcs
  7 ball pythons
  6 endoplasms
  A giant cockroach (D:4)
  3 goblins
  6 hobgoblins
  2 quokkas
  6 bats
  A frilled lizard (D:2)
  5 kobolds
  4 rats
  A bush (D:6)
95 creatures vanquished.

Notes
Turn   | Place    | Note
-------+----------+-------------------------------------------
     0 | D:1      | senseless the Minotaur Berserker began the quest for the
                  | Orb.
     0 | D:1      | Reached XP level 1. HP: 19/19 MP: 0/0
    53 | D:1      | Found Bomebose's Magic Scroll Emporium.
   505 | D:1      | Reached skill level 4 in Axes
   505 | D:1      | Reached XP level 2. HP: 25/27 MP: 1/1
  1477 | D:2      | Reached XP level 3. HP: 30/33 MP: 2/2
  1655 | D:2      | Found a faded altar of an unknown god.
  2252 | D:3      | Reached ** piety under Trog
  3129 | D:4      | Reached XP level 4. HP: 36/41 MP: 3/3
  3242 | D:4      | Reached skill level 5 in Axes
  3307 | D:4      | Noticed an ogre
  3310 | D:4      | Noticed an ogre
  3318 | D:4      | Killed an ogre
  3319 | D:4      | Reached XP level 5. HP: 47/47 MP: 4/4
  3325 | D:4      | Killed an ogre
  3326 | D:4      | Reached skill level 6 in Axes
  3326 | D:4      | Reached XP level 6. HP: 55/55 MP: 5/5
  3400 | D:4      | Reached skill level 5 in Fighting
  3456 | D:4      | Found a sparkling altar of Nemelex Xobeh.
  3542 | D:4      | Found a bloodstained altar of Trog.
  3583 | D:4      | Found a snail-covered altar of Cheibriados.
  3923 | D:5      | Entered Level 5 of the Dungeon
  3932 | D:5      | Identified a scroll of acquirement
  3932 | D:5      | Acquired a +0 pair of gloves of strength
  4409 | D:5      | Reached skill level 7 in Axes
  4409 | D:5      | Reached XP level 7. HP: 61/61 MP: 6/6
  4528 | D:5      | Reached skill level 1 in Polearms
  4809 | D:5      | Found an opulent altar of Gozag.
  5122 | D:5      | Found a broken altar of Ashenzari.
  5122 | D:5      | Found an ancient bone altar of Kikubaaqudgha.
  5140 | D:5      | Reached skill level 5 in Armour
  5383 | D:6      | Reached XP level 8. HP: 66/70 MP: 7/7
  5562 | D:6      | Found a white marble altar of Elyvilon.
  5624 | D:6      | Reached skill level 1 in Stealth
  5815 | D:6      | Reached skill level 8 in Axes
  5815 | D:6      | Reached skill level 5 in Dodging
  5868 | D:6      | Found a staircase to the Ecumenical Temple.
  6388 | D:7      | Found a radiant altar of Vehumet.
  6434 | D:7      | Reached *** piety under Trog
  6485 | D:7      | Noticed a cyan ugly thing
  6514 | D:7      | Slain by a cyan ugly thing

Illustrated notes

Levels and vault maps discovered:
D:1:      giann_forest_graveyard, layout_loops_corners, serial_shops, shop,
          minmay_tall_x
D:2:      layout_rooms, shapermc_ecumenical_altar_flowoftime,
          minmay_stone_trees_large
D:3:      layout_basic
D:4:      layout_loops_ring, mainiacjoe_overflow_cross_hatched,
          lemuel_crystal_altar, nemelex_xobeh_ov_fountains_minmay
D:5:      layout_loops_corners, grunt_gozag_statues,
          gammafunk_temple_overflow_wave, hangedman_decor_clover_reticule,
          kennysheep_small_circle
D:6:      layout_rooms, nicolae_elyvilon_peaceful_grove,
          minmay_temple_entry_from_below_a, serial_curves, eino_curves_01,
          eino_curves_01
D:7:      layout_rooms, vehumet_statue

Skill      XL: |  1  2  3  4  5  6  7  8 |
---------------+-------------------------+-----
Axes           | 4 5 6 7 8 |  8.1
Fighting       | 4 5 6 |  6.2
Armour         | 3 4 5 |  5.7
Dodging        | 3 4 5 |  5.3
Polearms       | 3 4 |  4.7
Stealth        | 1 |  1.0
Throwing       | |  0.1

Action                   |  1- 3 |  4- 6 |  7- 9 || total
-------------------------+-------+-------+-------++-------
Melee: Hand axe          |   109 |    29 |       ||   138
       Headbutt          |    21 |    14 |    26 ||    61
       Spear             |       |    26 |   117 ||   143
Throw: Dart              |       |     1 |       ||     1
Invok: Berserk           |     2 |     3 |     1 ||     6
  Use: Scroll            |       |     8 |     6 ||    14
Armor: Animal skin       |     5 |       |       ||     5
       Chain mail        |     8 |       |       ||     8
       Ring mail         |     5 |       |       ||     5
       Leather armour    |    23 |    13 |    37 ||    73
Dodge: Dodged            |    70 |    23 |    36 ||   129

Table legend: (Time is in decaauts)
 A = Elapsed time spent in this place.
 B = Non-inter-level travel time spent in this place.
 C = Inter-level travel time spent in this place.
 D = Time resting spent in this place.
 E = Time spent auto-exploring this place.
 F = Levels seen in this place.
 G = Mean time per level.
                   A        B        C        D        E       F      G
               +--------+--------+--------+--------+--------+-----+--------+
         Total |   6555 |   6225 |    330 |    739 |   4756 |   7 |  936.4 |
       Dungeon |   6555 |   6225 |    330 |    739 |   4756 |   7 |  936.4 |
               +--------+--------+--------+--------+--------+-----+--------+

Top non-repeatable levels by time:
     D:5: 1461 daAuts
     D:1: 1054 daAuts
     D:2: 1050 daAuts
     D:3: 973 daAuts
     D:4: 884 daAuts
     D:6: 745 daAuts
     D:7: 385 daAuts
